 Dungeon Crawl Stone Soup version 0.19.1 (webtiles) character file.

64 Livid the Sneak (level 4, 0/43 HPs)
             Began as an Octopode Assassin on Dec 13, 2016.
             Succumbed to an adder's poison
             ... on level 1 of the Dungeon.
             The game lasted 00:12:30 (1481 turns).

Livid the Sneak (Octopode Assassin)                 Turns: 1481, Time: 00:12:31

Health: 0/43       AC: 22    Str: 10    XL:     4   Next: 12%
Magic:  4/4        EV:  2    Int: 13    God:
Gold:   59         SH:  6    Dex: 14    Spells: 0 memorised, 3 levels left

rFire  . . .     SeeInvis .     p - +2 dagger (vamp)
rCold  . . .     Gourm    .     g - +0 shield
rNeg   + + +     Faith    .     (helmet currently unavailable)
rPois  +         Spirit   .     (no amulet)
rElec  .         Reflect  .     e - ring of resist corrosion
rCorr  +         Harm     .     (no ring)
MR     .....     NoTele   +     (no ring)
Stlth  ++++......               (no ring)
                                (no ring)
                                (no ring)
                                (no ring)
                                (no ring)

@: lethally poisoned (0 -> -4), tree-form
A: almost no armour, stealthy swim, (amphibious), 8 rings, (constrict 8),
(camouflage 0), (gelatinous body 0)
a: no special abilities


You were on level 1 of the Dungeon.
You were not hungry.
You were a tree.
You visited 1 branch of the dungeon, and saw 2 of its levels.

You collected 59 gold pieces.

Inventory:

Hand Weapons
 a - a +2 dagger
 b - a +0 blowgun
 p - a +2 vampiric dagger (weapon)
Missiles
 c - 8 poisoned needles
 d - 2 curare-tipped needles
Armour
 g - a +0 shield (worn)
Jewellery
 e - a ring of resist corrosion (left branch)
Scrolls
 f - a scroll of remove curse {unknown}
 h - a scroll of magic mapping {unknown}
 k - 2 scrolls of identify {unknown}
 l - a scroll of amnesia {unknown}
 o - 2 scrolls of teleportation {unknown}
Potions
 m - a potion of flight {unknown}
 n - a potion of resistance {unknown}
 q - a potion of degeneration {unknown}
Comestibles
 j - a meat ration
 r - a bread ration


   Skills:
 - Level 2.0 Fighting
 - Level 2.0 Short Blades
 - Level 2.0 Throwing
 - Level 1.0 Dodging
 * Level 7.7 Stealth


You had 3 spell levels left.
You didn't know any spells.

Dungeon Overview and Level Annotations

Branches:
Dungeon (2/15)

Altars:

Annotations:
D:1 exclusion: downstairs


Innate Abilities, Weirdness & Mutations

You cannot wear most types of armour.
You are very stealthy in the water. (Stealth+)
((You are amphibious.))
You can wear up to eight rings at the same time.
((You can use your tentacles to constrict eight enemies at once.))
((Your skin changes colour to match your surroundings (Stealth+).))
((Your rubbery body absorbs attacks. (AC +1, EV +1)))


Message History

The quokka closely misses you. The adder barely misses you. The bat hits you.
* * * LOW HITPOINT WARNING * * *
You climb upwards.
Level annotation: exclusion: downstairs
There is a stone staircase leading down here.
You closely miss the adder. Your grab misses the adder.
The quokka barely misses you. The adder bites you.
* * * LOW HITPOINT WARNING * * *
You are lethally poisoned!
The adder poisons you! You block the quokka's attack.
You hit the adder. Your grab misses the adder.
The adder is moderately wounded.
* * * LOW HITPOINT WARNING * * *
You feel sick. You block the adder's attack. The quokka bites you.
* * * LOW HITPOINT WARNING * * *
The adder bites you.
* * * LOW HITPOINT WARNING * * *
It was a potion of lignification.
You turn into a tree.
Your roots penetrate the ground.
You die...

#..# ####.###.####
##..#####....# #.# ########
#...#.....#.## #.# #......#
##.#.#.#####.####.# #......#
...#...##....##...# #......#
......##..####..########.####
)###..#..## #........#...# ##
##.#.## #...rS.....#.# #
#...# #...♣....###.# #
##..######^.......##..#
####.....##..........##.##
.....###.#..#........##.#
.#######...##........##.#
.######..............##.#
.#........###........##.#
...#####..# #########...#
....##....# ##.###


You could see an adder and a quokka.

Vanquished Creatures
  2 adders (D:2)
  A dart slug (D:1)
  3 leopard geckos (D:1)
  3 bats
  3 giant cockroaches
  2 goblins
  7 hobgoblins
  2 jackals (D:1)
  5 kobolds
  4 ball pythons
  5 frilled lizards
  3 rats
40 creatures vanquished.

Notes
Turn   | Place    | Note
-------+----------+-------------------------------------------
     0 | D:1      | Livid the Octopode Assassin began the quest for the Orb.
     0 | D:1      | Reached XP level 1. HP: 14/14 MP: 1/1
    56 | D:1      | Reached skill level 6 in Stealth
    56 | D:1      | Reached XP level 2. HP: 8/19 MP: 2/2
   516 | D:1      | Reached XP level 3. HP: 24/24 MP: 3/3
  1011 | D:2      | Reached skill level 7 in Stealth
  1191 | D:2      | Reached XP level 4. HP: 8/29 MP: 4/4
  1480 | D:1      | HP: 1/29 [adder (1)]
  1481 | D:1      | Succumbed to an adder's poison

Skill      XL: |  1  2  3 |
---------------+----------+-----
Stealth        | 6 7 |  7.7
Fighting       | |  2.0
Short Blades   | |  2.0
Throwing       | |  2.0
Dodging        | |  1.0

Action                   |  1- 3 |  4- 6 || total
-------------------------+-------+-------++-------
Melee: Dagger            |    61 |    15 ||    76
       Constrict         |    15 |     3 ||    18
       Tentacles         |    10 |     1 ||    11
  Use: Potion            |       |     1 ||     1
 Stab: Sleeping          |    13 |     1 ||    14
  Eat: Chunk             |     1 |     1 ||     2
       Bread ration      |     1 |       ||     1
Armor: Skin              |     5 |     4 ||     9
Dodge: Dodged            |    18 |    15 ||    33
Block: Shield            |    10 |     6 ||    16
